 Dungeon Crawl Stone Soup version 0.24.0-13-gcf9b3192b9 (webtiles) character file.

Game seed: 17892587546602546855, levelgen mode: deterministic

440 Arum the Skirmisher (level 7, 0/56 HPs)
             Began as a Formicid Fighter on Nov 5, 2019.
             Slain by a gnoll
             ... wielding a +0 halberd
              (4 damage)
             ... on level 3 of the Dungeon.
             The game lasted 00:05:39 (2708 turns).

Arum the Skirmisher (Formicid Fighter)              Turns: 2708, Time: 00:05:39

Health: 0/56       AC:  7    Str: 23    XL:     7   Next: 22%
Magic:  7/7        EV:  9    Int:  7    God:
Gold:   142        SH:  4    Dex: 10    Spells: 6/6 levels left

rFire    . . .     SeeInvis +   a - +0 quarterstaff
rCold    . . .     Gourm    +   h - +0 buckler
rNeg     . . .     Faith    .   b - +0 scale mail
rPois    .         Spirit   .   (helmet unavailable)
rElec    .         Reflect  .   (no cloak)
rCorr    .         Harm     .   (no gloves)
MR       .....                  (no boots)
Stlth    ..........             j - amulet of the gourmand
HPRegen  0.18/turn              (no ring)
MPRegen  0.10/turn              (no ring)

@: lightly drained
A: permanent stasis, dig shafts and tunnels, four strong arms, antennae 3
a: Dig, Shaft Self


You were on level 3 of the Dungeon.
You were very full.

You visited 1 branch of the dungeon, and saw 3 of its levels.

You collected 142 gold pieces.

Inventory:

Hand Weapons
 a - a +0 quarterstaff (weapon)
Missiles
 g - 2 throwing nets (quivered)
Armour
 b - a +0 scale mail (worn)
 c - a +0 shield
 h - a +0 buckler (worn)
Jewellery
 j - an amulet of the gourmand (around neck)
Scrolls
 e - 2 scrolls of teleportation {unknown}
 i - a scroll of fear {unknown}
 k - a scroll of identify {unknown}
 m - 3 scrolls of fog {unknown}
 p - a scroll of amnesia {unknown}
Potions
 d - a potion of might
 l - a potion of degeneration {unknown}
 n - a potion of curing {unknown}
 o - a potion of haste {unknown}
Comestibles
 f - 3 rations


   Skills:
 + Level 5.6(5.0) Fighting
 + Level 4.3(3.8) Staves
 + Level 5.0(4.4) Armour
 - Level 4.3(3.7) Shields


You had 6 spell levels left.
You didn't know any spells.
Your spell library was empty.

Dungeon Overview and Level Annotations

Branches:
Dungeon (3/15)

Altars:


Innate Abilities, Weirdness & Mutations

You cannot be hasted, slowed, berserked, paralysed or teleported.
You can dig through walls and to a lower floor.
Your four strong arms can wield two-handed weapons with a shield.
You have a pair of large antennae on your head. (SInv)


Message History

The gnoll closely misses you.
You thump the gnoll shaman!
The gnoll shaman is severely wounded.
The gnoll shaman barely misses you.
You thump the gnoll shaman!
You kill the gnoll shaman!
Your base Armour skill increases to level 5!
The gnoll hits you.
* * * LOW HITPOINT WARNING * * *
You hit the gnoll.
The gnoll is almost dead.
You block the gnoll's attack. The gnoll hits you but does no damage.
You hit the gnoll.
You kill the gnoll!
The gnoll hits you with a +0 halberd.
* * * LOW HITPOINT WARNING * * *
You sock the gnoll!
The gnoll is severely wounded.
The gnoll hits you with a +0 halberd.
You die...

#.###.# #..##.# ##.##.#
#.##.# #..#.# ##.#.#
#...# ### ##..# ##g##
#..########.#@#
####.....)....####
.....>#######.#
#############.#########
........)).).......
≈≈≈≈≈≈≈....≈≈≈≈≈≈≈≈
≈≈≈≈≈≈≈....≈≈≈≈≈≈≈≈
≈≈≈≈≈≈≈...(≈≈≈≈≈≈≈≈
.........))........


You could see a gnoll.

Vanquished Creatures
  2 gnoll shamans (D:3)
  An orc wizard (D:3)
  Terence (D:3)
  Robin (D:2)
  14 gnolls
  7 adders
  4 worms (D:2)
  7 dart slugs
  A leopard gecko (D:1)
  2 orcs (D:3)
  10 bats
  5 giant cockroaches
  13 goblins
  9 hobgoblins
  7 jackals
  9 kobolds
  A ball python (D:3)
  7 frilled lizards
  5 rats
106 creatures vanquished.

Notes
Turn   | Place    | Note
-------+----------+-------------------------------------------
     0 | D:1      | Arum the Formicid Fighter began the quest for the Orb.
     0 | D:1      | Reached XP level 1. HP: 18/18 MP: 1/1
    13 | D:1      | Reached XP level 2. HP: 17/24 MP: 2/2
   226 | D:1      | Reached XP level 3. HP: 27/30 MP: 3/3
   571 | D:2      | Reached XP level 4. HP: 34/37 MP: 4/4
   701 | D:2      | Reached XP level 5. HP: 43/43 MP: 5/5
   713 | D:2      | Noticed Robin
   762 | D:2      | Killed Robin
  1486 | D:3      | Reached XP level 6. HP: 37/50 MP: 6/6
  1710 | D:3      | Reached skill level 5 in Fighting
  1809 | D:3      | Noticed Terence
  1828 | D:3      | Killed Terence
  2441 | D:3      | Reached XP level 7. HP: 23/56 MP: 7/7
  2705 | D:3      | Reached skill level 5 in Armour
  2708 | D:3      | Slain by a gnoll

Levels and vault maps discovered:
D:1:      dpeg_arrival_erosion, layout_rooms
D:2:      layout_rooms, uniq_robin
D:3:      lemuel_castle_with_subvaults [lemuel_castle_interior_carwin_1],
          layout_basic, uniq_terence

Skill      XL: |  1  2  3  4  5  6  7 |
---------------+----------------------+-----
Shields        | 4 |  4.3
Fighting       | 4 5 |  5.6
Staves         | 3 4 |  4.3
Armour         | 4 5 |  5.0

Action                   |  1- 3 |  4- 6 |  7- 9 || total
-------------------------+-------+-------+-------++-------
Melee: Quarterstaff      |    83 |   271 |    22 ||   376
 Abil: Dig               |     1 |       |     1 ||     2
  Eat: Chunk             |       |    20 |     1 ||    21
Armor: Scale mail        |    54 |   113 |    10 ||   177
Dodge: Dodged            |    38 |   130 |    12 ||   180
Block: Shield            |    56 |       |       ||    56
       Buckler           |       |    49 |    10 ||    59
